 Dungeon Crawl Stone Soup version 0.29-a0-542-g075992c915 (webtiles) character file.

Game seed: 7471952685716198945

57 Crownlay the Chopper (level 4, -6/39 HPs)
             Began as a Hill Orc Fighter on June 3, 2022.
             Killed from afar by Sigmund (9 damage)
             ... with a puff of flame
             ... on level 2 of the Dungeon.
             The game lasted 00:01:26 (1458 turns).

Crownlay the Chopper (Hill Orc Fighter)             Turns: 1458, Time: 00:01:27

Health: -6/39      AC:  8    Str: 20    XL:     4   Next: 0%
Magic:  4/4        EV:  9    Int:  8    God:
Gold:   102        SH:  0    Dex: 10    Spells: 3/3 levels left

rFire   . . .      SeeInvis .   a - +0 war axe
rCold   . . .      Faith    .   c - +0 buckler
rNeg    . . .      Spirit   .   b - +0 scale mail
rPois   .          Reflect  .   e - +0 helmet
rElec   .          Harm     .   (no cloak)
rCorr   .          Rampage  .   (no gloves)
Will    .....                   (no boots)
Stlth   ..........              (no amulet)
HPRegen 0.13/turn               (no ring)
MPRegen 0.09/turn               (no ring)

@: confused, flying
A: no striking features
a: no special abilities


You were on level 2 of the Dungeon.
You visited 1 branch of the dungeon, and saw 2 of its levels.

You collected 102 gold pieces.

Inventory:

Hand Weapons
 a - a +0 war axe (weapon)
Armour
 b - a +0 scale mail (worn)
 c - a +0 buckler (worn)
 e - a +0 helmet (worn)
Scrolls
 g - a scroll of summoning {unknown}
 h - 2 scrolls of identify {unknown}
 i - a scroll of blinking {unknown}
 k - 2 scrolls of teleportation {unknown}
Potions
 d - a potion of might
 j - a potion of degeneration {unknown}
 l - a potion of curing {unknown}


   Skills:
 - Level 3.6 Fighting
 * Level 5.5 Axes
 - Level 3.2 Armour
 - Level 3.2 Shields


You had 3 spell levels left.
You didn't know any spells.
Your spell library was empty.

Dungeon Overview and Level Annotations

Branches:
Dungeon (2/15)

Altars:

Annotations:
D:2 Sigmund


Message History

You hit the rat.
You kill the rat!
You have reached level 4!
Sigmund the Dreaded comes into view.
He is wielding a +0 scythe.
Sigmund is nearby!
Sigmund is nearby!
Sigmund shouts!
Sigmund gestures at you while chanting.
You are confused.
Okay, then.
You bump into the rock wall.
Sigmund mumbles some strange words.
Sigmund flickers and vanishes!
Deactivating autopickup; reactivate with Ctrl-A.
Something hits you.
You bump into the rock wall.
Something hits you.
You feel less confused. Something hits you. Something hits you.
It was a potion of flight.
You feel very buoyant.
You fly up into the air.
A magic dart appears from out of thin air!
The magic dart hits you.
You hear some strange, mumbled words.
You are confused.
You bump into the rock wall.
Something hits you!
You bump into the rock wall.
Something hits you.
* * * LOW HITPOINT WARNING * * *
You bump into the rock wall.
A puff of flame appears from out of thin air!
The puff of flame hits you.
* * * LOW HITPOINT WARNING * * *
You hear some strange, mumbled words.
A puff of flame appears from out of thin air!
The puff of flame hits you but does no damage.
You hear some strange, mumbled words.
A puff of flame appears from out of thin air!
The puff of flame hits you!
You die...

#. #.# # #... .#
#..######.### #.
#..##........ #.
#.........# #.#
#.....†...#
#####.######!..@.##..#
#.........##..{......#
#.#.....#.###.#####.##
#.#.....#.........# #
#.#.....#..##.......#
#†##...##..##.###.###
#.†##.###..##.# #
##..........##..
................


There were no monsters in sight!

Vanquished Creatures
  An adder (D:2)
  A dart slug (D:1)
  4 ball pythons (D:1)
  A bat (D:2)
  10 endoplasms
  2 giant cockroaches
  3 goblins
  3 hobgoblins
  3 jackals (D:2)
  2 quokkas (D:1)
  A frilled lizard (D:2)
  4 kobolds
  4 rats
39 creatures vanquished.

Notes
Turn   | Place    | Note
-------+----------+-------------------------------------------
     0 | D:1      | Crownlay the Hill Orc Fighter began the quest for the Orb.
     0 | D:1      | Reached XP level 1. HP: 19/19 MP: 1/1
    49 | D:1      | Reached skill level 3 in Axes
    66 | D:1      | Reached XP level 2. HP: 26/26 MP: 2/2
    88 | D:1      | Reached skill level 4 in Axes
   403 | D:1      | Reached XP level 3. HP: 29/31 MP: 3/3
   635 | D:1      | Found a faded altar of an unknown god.
  1143 | D:2      | Reached skill level 5 in Axes
  1436 | D:2      | Reached XP level 4. HP: 38/39 MP: 4/4
  1441 | D:2      | Noticed Sigmund
  1458 | D:2      | Killed from afar by Sigmund

Illustrated notes

Levels and vault maps discovered:
D:1:      dpeg_arrival_pond, layout_basic, shapermc_ecumenical_altar_notcrosses,
          nicolae_figureground_pulse
D:2:      layout_loops_corners, basic_altar, uniq_sigmund

Skill      XL: |  1  2  3 |
---------------+----------+-----
Axes           | 3 4 5 |  5.5
Fighting       | |  3.6
Armour         | |  3.2
Shields        | |  3.2

Action                   |  1- 3 |  4- 6 || total
-------------------------+-------+-------++-------
Melee: War axe           |    87 |       ||    87
  Use: Potion            |       |     1 ||     1
Armor: Scale mail        |    32 |     1 ||    33
Dodge: Dodged            |    28 |       ||    28
Block: Buckler           |    20 |       ||    20

Table legend: (Time is in decaauts)
 A = Elapsed time spent in this place.
 B = Non-inter-level travel time spent in this place.
 C = Inter-level travel time spent in this place.
 D = Time resting spent in this place.
 E = Time spent auto-exploring this place.
 F = Levels seen in this place.
 G = Mean time per level.
                   A        B        C        D        E       F      G
               +--------+--------+--------+--------+--------+-----+--------+
         Total |   1484 |   1452 |     32 |      0 |   1191 |   2 |  742.0 |
       Dungeon |   1484 |   1452 |     32 |      0 |   1191 |   2 |  742.0 |
               +--------+--------+--------+--------+--------+-----+--------+

Top non-repeatable levels by time:
     D:1: 876 daAuts
     D:2: 607 daAuts
